Unix NetHack Version 5.0.0-0 post-release - last build Jun 10 2026 00:39:30 (3ee93aec679c4c4259841fe613dc97188e26a321,branch:main).

Game began 2026-07-08 17:36:10, ended 2026-07-10 19:56:28.

A4Paper, chaotic female elven Wizard

  --------          -----    --------
  |......|          |...|   #-.....<.#        --------
  |..@....##########|...|   [|......|#        |*.....|     -----       ------
  |...f(.|         #|....####|......|#########..._`...##  #-...|       |....|
  |......|         #-...| # #--------#        |......| #  #|...-#######...^.|
  |......|          -.---#############        |......| #  #|...|       |....|
  ----|---           ######  ##      #        -------- # ##-----       ------
      #             ##        #      #               #####
      #            #####      #      #               #  #
      #            #   #      #      #               #  #
      #            #   ###    #      #      #       ##  ###
 -----.------      #     #    #      #-----##########     # ---------------
 |..........|#### ##     #    #      #|....###            ##-....%%%%%%.!%|
 |..........-######      ###  #      #|...|                 |..%%%%.%%%%.%|
 |..........|#        -----.--#      #|..>|                 |%..%.%%%%%%%%|
 |...........         |.e....|#      #|...|                 ---------------
 ------------         |...(..|#      #....|
                      |.......#       -----
                      --------

A4Paper the Conjurer      St:10 Dx:17 Co:13 In:16 Wi:14 Ch:10  Chaotic S:1558
Dlvl:3  $:474 HP:30(30) Pw:51(59) AC:3  Xp:5/236 T:3625  Hungry  

Latest messages:
 You swap places with Bluey.
 In what direction?
 The spell hits the brown mold!
 You kill the brown mold!
 You see here a brown mold corpse.
 q - a brown mold corpse.
 What do you want to sacrifice? [q or ?*]
 Your sacrifice is consumed in a burst of flame!
 You kill the jackal!
 You kill the little dog!
 You swap places with Bluey.
 You see here a rotted slippery cloak.
 What do you want to zap? [cGR or ?*]
 A lit field surrounds you!
 In what direction?
 The spell hits the yellow mold!
 You kill the yellow mold!
 You hear someone cursing shoplifters.
 You are beginning to feel hungry.
 You see here a scroll of food detection.
 You learn more about your items by comparing them.
 y - an uncursed scroll of food detection (2 in total).
 What do you want to read? [ilmvy or ?*]
 As you read the scroll, it disappears.
 Your nose tingles and you smell food.
 (For instructions type a '?')
 Done.
 The door opens.
 In what direction?
 The spell hits the leprechaun!
 The leprechaun wakes up!
 The leprechaun screams!
 In what direction?
 The spell hits the leprechaun!
 You kill the leprechaun!
 $ - 40 gold pieces (467 in total).
 s - a leprechaun corpse.
 You have a little trouble lifting a figurine of a winter wolf.  Continue? [ynq] (q)
 You have a little trouble lifting t - a figurine of a winter wolf.
 Your movements are slowed slightly because of your load.
 What do you want to eat? [s or ?*]
 This leprechaun corpse is fatty.
 Your movements are now unencumbered.
 You finish eating the leprechaun corpse.
 You feel very jumpy.
 You see here 7 gold pieces.
 $ - 7 gold pieces (474 in total).
 #
 Really quit without saving? [yn] (n)
 Do you want your possessions identified? [ynq] (y)

Inventory:
 Coins    ('$')
  $ - 474 gold pieces
 Weapons  (')')
  a - a blessed +1 quarterstaff (weapon in hands)
 Armor    ('[')
  b - an uncursed +3 cloak of magic resistance (being worn)
  r - an uncursed +0 studded leather armor (being worn)
 Scrolls  ('?')
  y - an uncursed scroll of food detection
  i - an uncursed scroll of genocide
 Spellbooks  ('+')
  m - an uncursed spellbook of detect monsters
  l - a blessed spellbook of force bolt
  v - an uncursed spellbook of stone to flesh
 Potions  ('!')
  f - an uncursed potion of extra healing
  I - an uncursed potion of object detection
  g - an uncursed potion of oil
  V - an uncursed potion of speed
 Rings    ('=')
  d - an uncursed ring of cold resistance
  e - an uncursed ring of sustain ability
 Wands    ('/')
  c - a wand of digging (0:3)
  G - a wand of light (0:13)
  R - a wand of magic missile (0:6)
 Tools    ('(')
  o - an uncursed wooden harp
  t - a blessed figurine of a winter wolf
  n - a magic marker (0:19)
  p - an uncursed tin whistle
  j - an uncursed towel
 Gems/Stones  ('*')
  Q - 2 uncursed jade stones

A4Paper the Wizard's attributes:

Background:
 You were a Conjurer, a level 5 female elven Wizard.
 You were chaotic, on a mission for Anhur
 who was opposed by Ptah (lawful) and Thoth (neutral).
 You were right-handed.
 You were in the Dungeons of Doom, on level 3.
 You entered the dungeon 3625 turns ago.
 You had 236 experience points, 84 more were needed to attain level 6.
 Your score was 1558 before end-of-game adjustments.

Basics:
 You had all 30 hit points.
 You had 51 out of 59 energy points (spell power).
 Your armor class was 3.
 Your wallet contained 474 zorkmids.
 Autopickup was off.

Final Characteristics:
 Your strength was 10 (limit:18).
 Your dexterity was 17 (limit:18).
 Your constitution was 13 (limit:16).
 Your intelligence was 16 (limit:20).
 Your wisdom was 14 (limit:20).
 Your charisma was 10 (limit:18).

Final Status:
 You were hungry.
 You were unencumbered.
 You were wielding a quarterstaff.
 You had basic skill with quarterstaff.

Final Attributes:
 You were piously aligned.
 You were magic-protected.
 You were sleep resistant.
 You were telepathic.
 You had infravision.
 You could teleport.
 You were warded.
 You survived.

Miscellaneous:
 You didn't encounter any bones levels.
 Total elapsed playing time was 23 minutes and 49 seconds.

Major events:
 Turn
    1: A4Paper the chaotic female elven Wizard entered the dungeon
  954: read a Discworld novel
 1039: attained the rank of Conjurer (level 3)
 3625: quit

Spells:
 Name                 Level Category     Fail Retention
 force bolt             1   attack         0%   81%-90%
 detect monsters        1   divination     0%  76%-100%
 stone to flesh         3   healing       96%  76%-100%

Skills:
 Fighting Skills
   bare handed combat [Unskilled]
   riding             [Unskilled]
 Weapon Skills
   dagger             [Unskilled]
   knife              [Unskilled]
   axe                [Unskilled]
   short sword        [Unskilled]
   club               [Unskilled]
   mace               [Unskilled]
   quarterstaff       [Basic]
   polearms           [Unskilled]
   spear              [Unskilled]
   trident            [Unskilled]
   sling              [Unskilled]
   dart               [Unskilled]
   shuriken           [Unskilled]
 Spellcasting Skills
   attack spells      [Basic]
   healing spells     [Unskilled]
   divination spells  [Unskilled]
   enchantment spells [Basic]
   clerical spells    [Unskilled]
   escape spells      [Unskilled]
   matter spells      [Unskilled]

Voluntary challenges:
 Character rerolling was not enabled.
 You never genocided any monsters.
 You never polymorphed an object.
 You never changed form.
 You used no wishes.
Achievements:
 You entered a shop.
 You read from a Discworld novel.
 You attained the rank of Conjurer.

 The Dungeons of Doom: levels 1 to 3
    Level 1:
    Level 2:
       A scroll shop.
    Level 3: <- You were here.
       A food shop, an altar to Anhur.


Vanquished creatures:
  a leprechaun
  a little dog
  7 floating eyes
  a kitten
  a giant bat
  2 orc zombies
  2 dwarf zombies
  a werejackal
 an acid blob
  a coyote
  2 manes
  a large kobold
  5 giant rats
  a brown mold
  3 yellow molds
  a red mold
  a garter snake
  a gnome zombie
  a gecko
  3 jackals
  a fox
  a kobold
  3 goblins
  2 sewer rats
  4 grid bugs
  a bat
  4 lichens
  a kobold zombie
  8 newts
62 creatures vanquished.

No species were genocided or became extinct.

Goodbye A4Paper the Wizard...

You quit in The Dungeons of Doom on dungeon level 3 with 1558 points,
and 474 pieces of gold, after 3625 moves.
You were level 5 with a maximum of 30 hit points when you quit.

